 Dungeon Crawl Stone Soup version 0.28-a0-863-g8cecda6153 (webtiles) character file.

Game seed: 10106895350323947265

12 Ijustatesigmund the Skirmisher (level 2, -1/24 HPs)
             Began as a Demonspawn Fighter on Nov 19, 2021.
             Slain by a kobold (3 damage)
             ... on level 3 of the Dungeon.
             The game lasted 00:00:39 (459 turns).

Ijustatesigmund the Skirmisher (Demonspawn Fighter)  Turns: 459, Time: 00:00:39

Health: -1/24      AC:  6    Str: 16    XL:     2   Next: 20%
Magic:  2/2        EV:  9    Int:  9    God:
Gold:   10         SH:  4    Dex: 12    Spells: 1/1 levels left

rFire   . . .      SeeInvis .   a - +0 war axe
rCold   . . .      Faith    .   c - +0 buckler
rNeg    . . .      Spirit   .   b - +0 scale mail
rPois   .          Reflect  .   (no helmet)
rElec   .          Harm     .   (no cloak)
rCorr   .          Rampage  .   (no gloves)
Will    .....                   (no boots)
Stlth   ..........              (no amulet)
HPRegen 0.08/turn               (no ring)
MPRegen 0.08/turn               (no ring)

@: no status effects
A: demonic touch 1
a: no special abilities


You were on level 3 of the Dungeon.
You visited 1 branch of the dungeon, and saw 3 of its levels.

You collected 10 gold pieces.

Inventory:

Hand Weapons
 a - a +0 war axe (weapon)
Armour
 b - a +0 scale mail (worn)
 c - a +0 buckler (worn)
Scrolls
 e - a scroll of blinking {unknown}
Potions
 d - a potion of might


   Skills:
 + Level 3.3 Fighting
 + Level 2.2 Axes
 - Level 2.6 Armour
 - Level 2.6 Shields


You had one spell level left.
You didn't know any spells.
Your spell library contained the following spells:

 Spells                   Type           Power      Damage    Failure   Level
 Tukima's Dance           Hex            0%         N/A       99%         3
 Passage of Golubria      Tloc           0%         N/A       100%        4
 Yara's Violent Unravell  Hex/Tmut       0%         3d3       100%        5


Dungeon Overview and Level Annotations

Branches:
Dungeon (3/15)

Altars:


Innate Abilities, Weirdness & Mutations

Your touch may inflict minor irresistible damage on your foes.


Message History

The kobold hits you but does no damage. The kobold hits you with a +0 dagger.
The kobold barely misses you. The kobold hits you but does no damage.
The kobold hits you but does no damage. The kobold completely misses you.
You block the kobold's attack. The kobold hits you but does no damage.
The kobold barely misses you. The kobold hits you with a +0 dagger.
The kobold hits you with a +0 dagger. The kobold closely misses you.
You block the kobold's attack. The kobold hits you with a +0 dagger.
The kobold misses you. You block the kobold's attack.
The kobold hits you with a +0 dagger. The kobold closely misses you.
The kobold hits you with a +0 dagger.
* * * LOW HITPOINT WARNING * * *
The kobold hits you with a +0 dagger.
* * * LOW HITPOINT WARNING * * *
The kobold hits you but does no damage. The kobold hits you but does no damage.
The kobold hits you but does no damage. You block the kobold's attack.
The kobold hits you with a +0 dagger.
* * * LOW HITPOINT WARNING * * *
The kobold hits you with a +0 dagger.
* * * LOW HITPOINT WARNING * * *
The kobold hits you but does no damage. You block the kobold's attack.
The kobold hits you with a +0 dagger.
* * * LOW HITPOINT WARNING * * *
The kobold closely misses you. The kobold hits you but does no damage.
The kobold hits you but does no damage. The kobold barely misses you.
The kobold hits you with a +0 dagger.
You die...

....... ......
..... #... ...
#.# # ##K#.#
####.@..#
#.......# #.
.# #.##...##
###.# .#
#.###.##
....####.# #.#
#.#
.#.......#.#.#
#.#
.).......#.#.#
#<# .....
.....#.# #.#
#...###..# #.#
##


You could see a kobold.

Vanquished Creatures
  2 dart slugs
  A bat (D:1)
  3 goblins
  A frilled lizard (D:1)
  A rat (D:1)
8 creatures vanquished.

Notes
Turn   | Place    | Note
-------+----------+-------------------------------------------
     0 | D:1      | Ijustatesigmund the Demonspawn Fighter began the quest for
                  | the Orb.
     0 | D:1      | Reached XP level 1. HP: 18/18 MP: 1/1
   286 | D:1      | Discovered your monstrous ancestry.
   286 | D:1      | Gained mutation: Your touch may inflict minor irresistible
                  | damage on your foes. [demonic ancestry]
   286 | D:1      | Reached XP level 2. HP: 24/24 MP: 2/2
   459 | D:3      | Slain by a kobold

Illustrated notes

Levels and vault maps discovered:
D:1:      mrwooster_arrival_arrow, layout_basic, wad_floor_pattern_2,
          grunt_decor_fettered, nicolae_wormholes
D:2:      layout_loops_corners, basic_altar
D:3:      layout_loops_ring, shapermc_ecumenical_altar_pompeii, uniq_sigmund,
          uniq_crazy_yiuf_cottage

Skill      XL: |  1 |
---------------+----+-----
Axes           | 2 |  2.2
Fighting       | |  3.3
Armour         | |  2.6
Shields        | |  2.6

Action                   || total
-------------------------++-------
Melee: War axe           ||    21
Armor: Scale mail        ||    29
Dodge: Dodged            ||    21
Block: Buckler           ||    17

Table legend: (Time is in decaauts)
 A = Elapsed time spent in this place.
 B = Non-inter-level travel time spent in this place.
 C = Inter-level travel time spent in this place.
 D = Time resting spent in this place.
 E = Time spent auto-exploring this place.
 F = Levels seen in this place.
 G = Mean time per level.
                   A        B        C        D        E       F      G
               +--------+--------+--------+--------+--------+-----+--------+
         Total |    467 |    461 |      6 |      0 |    335 |   3 |  155.7 |
       Dungeon |    467 |    461 |      6 |      0 |    335 |   3 |  155.7 |
               +--------+--------+--------+--------+--------+-----+--------+

Top non-repeatable levels by time:
     D:1: 299 daAuts
     D:3: 165 daAuts
     D:2: 2 daAuts
